AoeStats
← 海淀天胡棋圣

Arena

504999841Analyzed
4v4 RM · 26d ago on Sep 7, 2026· 34m 16s· 8 players
Game mode
Random Map
Map size
Large (8 player)
Population
200
Speed
Normal
Resources
Standard
Victory
Conquest
Starting age
Dark Age
Ending age
Imperial Age
RankedLock teamsTeams togetherTeam positionsShared explorationLock speedFull tech treeHidden civsTurbo modeCheats
Victory
Defeat
🇨🇳 Vietnamese · China
1411
+15
🇨🇳 Cumans · China
1381
+17
🇹🇼 Poles · Taiwan
1342
+18
1295
+20
🇨🇳 Franks · China
1452
-19
🇧🇷 Bohemians · Brazil
1418
-19
🇨🇭 Persians · Switzerland
1406
-18
🇨🇳 Britons · China
1294
-14
old f1sh
8:18 Feudal Age
8:59 Double-Bit Axe
8:54 Horse Collar
15:09 Wheelbarrow
17:47 Gold Mining
20:27 Castle Age
19:27 Scale Barding Armor
19:32 Forging
20:27 Bloodlines
20:23 Loom
21:34 Chain Barding Armor
22:01 Bow Saw
21:52 Heavy Plow
28:44 Hand Cart
30:57 Gold Shaft Mining
31:23 Iron Casting
30:52 Capped Ram
34:47 Imperial Age
涅槃重生
5:55 Loom
9:22 Feudal Age
12:35 Fletching
24:41 Castle Age
22:56 Double-Bit Axe
24:15 Horse Collar
24:26 Gold Mining
24:27 Stone Mining
25:40 Wheelbarrow
25:56 Bow Saw
25:49 Heavy Plow
31:48 Imperial Age
30:17 Forging
30:07 Scale Mail Armor
30:22 Town Watch
30:46 Squires
30:32 Arson
32:14 Chain Mail Armor
33:51 Crop Rotation
34:40 Plate Mail Armor
V我50%匡扶汉室
10:53 Feudal Age
14:53 Castle Age
12:55 Double-Bit Axe
13:32 Horse Collar
16:14 Wheelbarrow
19:55 Bow Saw
22:15 Gold Mining
22:50 Stone Mining
23:51 Fletching
24:02 Padded Archer Armor
25:14 Hand Cart
25:36 Bodkin Arrow
25:56 Leather Archer Armor
29:59 Imperial Age
28:24 Herbal Medicine
28:44 Forging
29:56 Loom
30:37 Paiks
31:09 Bracer
31:39 Ring Archer Armor
31:49 Iron Casting
32:41 Chemistry
32:14 Conscription
31:51 Elite Ratha (Ranged)
brian1026s
5:34 Loom
11:09 Feudal Age
15:24 Castle Age
13:06 Horse Collar
13:32 Double-Bit Axe
17:03 Heavy Plow
17:06 Stone Mining
19:30 Wheelbarrow
20:45 Gold Mining
22:00 Hand Cart
27:03 Imperial Age
25:32 Szlachta Privileges
25:51 Scale Barding Armor
26:05 Bloodlines
26:49 Forging
28:25 Conscription
27:29 Cavalier
33:40 Chain Barding Armor
33:55 Iron Casting
35:19 Coinage
35:21 Crop Rotation
F1NBLOO
10:45 Feudal Age
14:28 Castle Age
12:28 Double-Bit Axe
12:49 Horse Collar
15:10 Bow Saw
15:10 Heavy Plow
16:29 Loom
21:33 Wheelbarrow
22:28 Hand Cart
22:31 Gold Mining
24:49 Gold Shaft Mining
28:25 Imperial Age
26:16 Scale Barding Armor
26:47 Forging
26:45 Stone Mining
27:28 Bloodlines
27:18 Husbandry
27:57 Chain Barding Armor
28:33 Iron Casting
28:12 Cavalier
29:49 Plate Barding Armor
29:46 Conscription
31:15 Blast Furnace
31:42 Savar
32:34 Savar
TmZ_Skovronski
10:16 Feudal Age
10:31 Loom
13:42 Town Watch
18:27 Castle Age
23:55 Double-Bit Axe
24:08 Horse Collar
25:46 Bow Saw
26:41 Pikeman
27:48 Fervor
28:20 Wheelbarrow
32:01 Imperial Age
30:10 Forging
29:36 Pikeman
31:40 Chemistry
31:04 Heavy Plow
31:45 Squires
31:47 Scale Mail Armor
33:27 Iron Casting
33:08 Chain Mail Armor
33:47 Conscription
海淀天胡棋圣
10:06 Feudal Age
12:43 Double-Bit Axe
15:12 Castle Age
20:14 Wheelbarrow
22:52 Gold Mining
23:19 Hand Cart
22:50 Loom
24:00 Bow Saw
29:24 Imperial Age
27:16 Scale Barding Armor
27:52 Husbandry
28:56 Forging
29:07 Chain Barding Armor
29:28 Cavalier
31:05 Conscription
31:59 Plate Barding Armor
31:59 Iron Casting
32:38 Paladin
32:49 Paladin
苍真
10:46 Feudal Age
14:30 Castle Age
13:00 Double-Bit Axe
13:09 Gold Mining
13:57 Fletching
15:17 Crossbowman
17:12 Loom
24:00 Bodkin Arrow
25:16 Pikeman
26:07 Padded Archer Armor
Connection lost

Rejoining the realm…

Still unreachable

The connection could not be restored.

Session expired

The server has moved on; the page needs a fresh start.